 Dungeon Crawl Stone Soup version 0.32-a0-128-g77eb882913 (webtiles) character file.

Game seed: 18031545034039799703

43 Nattfarinn the Vexing (level 3, -2/29 HPs)
             Began as a Formicid Hexslinger on Feb 8, 2024.
             Succumbed to Terence's poison
             ... on level 4 of the Dungeon.
             The game lasted 00:01:41 (940 turns).

Nattfarinn the Vexing (Formicid Hexslinger)          Turns: 940, Time: 00:01:42

Health: -2/29      AC:  2    Str: 12    XL:     3   Next: 82%
Magic:  4/4        EV: 12    Int: 12    God:
Gold:   80         SH:  0    Dex: 18    Spells: 4/4 levels left

rFire   . . .        a - +1 sling
rCold   . . .        (no shield)
rNeg    . . .        c - +0 robe
rPois   .            (helmet unavailable)
rElec   .            (no cloak)
rCorr   .            (no gloves)
SInv    +            (no boots)
Will    +....        (no amulet)
Stlth   ++           (no ring)
HPRegen 0.24/turn    (no ring)
MPRegen 0.09/turn

%: no passive effects
@: lethally poisoned (-2 -> -19), enlightened, flying
A: permanent stasis, dig shafts and tunnels, antennae 3, four strong arms
a: Dig, Shaft Self


You were on level 4 of the Dungeon.
You visited 1 branch of the dungeon, and saw 3 of its levels.

You collected 80 gold pieces.

Inventory:

Hand Weapons
 a - a +1 sling (weapon)
Armour
 c - a +0 robe (worn)
Scrolls
 b - 2 scrolls of poison
 g - a scroll of brand weapon {unknown}
 h - a scroll of butterflies {unknown}
Potions
 f - a potion of curing {unknown}


   Skills:
 * Level 3.1 Fighting
 + Level 2.7 Ranged Weapons
 - Level 1.7 Dodging
 - Level 1.1 Spellcasting
 - Level 3.6 Hexes
 - Level 1.0 Fire Magic


You had 4 spell levels left.
You didn't know any spells.
Your spell library contained the following spells:

 Spells                   Type           Power      Damage    Failure   Level
 Jinxbite                 Hex            18%        N/A       11%         2
 Sigil of Binding         Hex            9%         N/A       21%         3
 Inner Flame              Hex/Fire       6%         N/A       34%         3
 Cause Fear               Hex            4%         N/A       56%         4
 Dimensional Bullseye     Hex/Tloc       2%         N/A       80%         4


Dungeon Overview and Level Annotations

Branches:
Dungeon (2/15)

Altars:

Annotations:
D:2 Terence


Innate Abilities, Weirdness & Mutations

You cannot be hasted, slowed, berserked, paralysed or teleported.
You can dig through walls and to a lower floor.
You have a pair of large antennae on your head. (SInv)
Your four strong arms can wield two-handed weapons with a shield.


Message History

Terence hits you with a +0 short sword of venom.
You are poisoned.
You shoot a sling bullet.
The sling bullet hits Terence but does no damage.
Terence is heavily wounded.
You feel very sick.
Terence hits you with a +0 short sword of venom.
You are more poisoned.
You shoot a sling bullet.
The sling bullet hits Terence but does no damage.
Terence is heavily wounded.
You feel very sick.
Terence hits you with a +0 short sword of venom.
You are too injured to fight recklessly!
Unknown command.
You aren't carrying any items that you can evoke.
Unknown command.
It was a potion of heal wounds.
You feel much better.
You feel very sick.
Terence hits you with a +0 short sword of venom.
You are lethally poisoned!
Okay, then.
You feel very sick.
Terence hits you with a +0 short sword of venom.
You are more poisoned.
You begin to dig a shaft.
You continue digging a shaft.
* * * LOW HITPOINT WARNING * * *
You feel very sick. Terence closely misses you. A shaft appears beneath you!
You fall into a shaft and drop 2 floors!
The shaft crumbles and collapses.
* * * LOW HITPOINT WARNING * * *
You feel very sick.
Found 5 stones.
Unknown command.
It was a potion of enlightenment.
You feel very buoyant.
You fly up into the air.
You die...

#####
....
#..#
#..#
#..#
#.@#
#..#
....(
#.##....
# #.#.#.
#. .#..
#. .# ##
#. ..


There were no monsters in sight!

Vanquished Creatures
  2 dart slugs (D:1)
  2 ribbon worms (D:2)
  2 bats (D:1)
  2 endoplasms (D:1)
  A giant cockroach (D:1)
  5 goblins
  2 hobgoblins (D:1)
  4 jackals (D:1)
  2 kobolds
  A quokka (D:2)
  4 frilled lizards
  6 rats (D:1)
33 creatures vanquished.

Notes
Turn   | Place    | Note
-------+----------+-------------------------------------------
     0 | D:1      | Nattfarinn the Formicid Hexslinger began the quest for the
                  | Orb.
     0 | D:1      | Reached XP level 1. HP: 15/15 MP: 2/2
    55 | D:1      | Reached XP level 2. HP: 22/22 MP: 3/3
   311 | D:1      | Reached XP level 3. HP: 28/28 MP: 4/4
   928 | D:2      | Noticed Terence
   939 | D:2      | You fall into a shaft and drop 2 floors!
   940 | D:4      | Succumbed to Terence's poison

Illustrated notes

Levels and vault maps discovered:
D:1:      minmay_arrival_checkered_box, layout_loops_ring
D:2:      layout_basic, minmay_door_square, uniq_natasha, uniq_terence,
          uniq_sigmund
D:4:      layout_basic, makhleb_blood_cavern_becter, lemuel_doored_altar

Skill      XL: |  1  2  3 |
---------------+----------+-----
Fighting       | 2 3 |  3.1
Ranged Weapons | |  2.7
Dodging        | |  1.7
Spellcasting   | |  1.1
Hexes          | |  3.6
Fire Magic     | |  1.0

Action                     || total
---------------------------++-------
   Fire: Sling             ||   108
Ability: Dig               ||     3
         Shaft Self        ||     1
    Use: Potion            ||     2
 Armour: Robe              ||    43
  Dodge: Dodged            ||    39

Table legend: (Time is in decaauts)
 A = Elapsed time spent in this place.
 B = Non-inter-level travel time spent in this place.
 C = Inter-level travel time spent in this place.
 D = Time resting spent in this place.
 E = Time spent auto-exploring this place.
 F = Levels seen in this place.
 G = Mean time per level.
                   A        B        C        D        E       F      G
               +--------+--------+--------+--------+--------+-----+--------+
         Total |    968 |    925 |     43 |      3 |    727 |   3 |  322.7 |
       Dungeon |    968 |    925 |     43 |      3 |    727 |   3 |  322.7 |
               +--------+--------+--------+--------+--------+-----+--------+

Top non-repeatable levels by time:
     D:1: 802 daAuts
     D:2: 165 daAuts
     D:4: 0 daAuts
